 Dungeon Crawl Stone Soup version 0.23-a0-4-g8f018a2 (webtiles) character file.

16115 prawnwizard the Grappler (level 12, -9/97 HPs)
             Began as a Demonspawn Gladiator on July 31, 2018.
             Was an Elder of Makhleb.
             Mangled by a swamp worm (16 damage)
             ... on level 1 of the Lair of Beasts.
             The game lasted 00:33:04 (17561 turns).

prawnwizard the Grappler (Demonspawn Gladiator)    Turns: 17561, Time: 00:33:05

Health: -9/97      AC: 10    Str: 18    XL:     12   Next: 7%
Magic:  12/12      EV: 12    Int:  9    God:    Makhleb [****..]
Gold:   1008       SH:  0    Dex: 17    Spells: 11/11 levels left

rFire    . . .     SeeInvis +     - Unarmed
rCold    . . .     Gourm    .   (no shield)
rNeg     . . .     Faith    +   x - +0 chain mail
rPois    .         Spirit   .   c - +1 helmet
rElec    .         Reflect  .   n - scarf {cloud immunity}
rCorr    .         Harm     .   (gloves unavailable)
MR       .....                  (no boots)
Stlth    ..........             D - amulet of faith
HPRegen  0.26/turn              I - ring of flight
MPRegen  0.13/turn              q - ring of see invisible

@: very slow
A: claws 3, talons 2, demonic guardian 1, nightstalker 2
a: Minor Destruction, Lesser Servant of Makhleb, Major Destruction, Renounce
Religion, Evoke Flight


You were on level 1 of the Lair of Beasts.
You worshipped Makhleb.
Makhleb was greatly pleased with you.
You were not hungry.

You visited 3 branches of the dungeon, and saw 14 of its levels.
You also visited: Sewer and Ice Cave.

You collected 1008 gold pieces.

Inventory:

Missiles
 d - 4 throwing nets (quivered)
Armour
 c - a +1 helmet (worn)
 n - a scarf of cloud immunity (worn)
 x - a +0 chain mail (worn)
Jewellery
 q - a ring of see invisible (right claw)
 y - an uncursed ring of stealth
 D - an amulet of faith (around neck)
 I - a ring of flight (left claw)
Wands
 p - a wand of digging (8)
 u - a wand of enslavement (13)
 E - a wand of random effects (59)
 J - a wand of iceblast (7)
 K - a wand of flame (38)
Scrolls
 b - 3 scrolls of enchant armour
 e - 2 scrolls of enchant weapon
 j - 3 scrolls of teleportation
 l - 2 scrolls of identify
 o - 4 scrolls of remove curse
 s - a scroll of immolation
 v - a scroll of holy word {unknown}
 A - 3 scrolls of amnesia
 B - 2 scrolls of vulnerability {unknown}
 C - 2 scrolls of random uselessness {unknown}
Potions
 a - 4 potions of flight {unknown}
 g - 4 potions of mutation
 h - 5 potions of agility
 i - a potion of invisibility
 k - 3 potions of curing
 m - 5 potions of haste
 r - a potion of lignification {unknown}
 t - 3 potions of might {unknown}
 w - 2 potions of cancellation {unknown}
 z - 6 potions of brilliance
 G - 9 potions of degeneration
 H - a potion of resistance {unknown}
 L - a potion of heal wounds {unknown}
Comestibles
 f - 24 rations
 F - 5 chunks of flesh


   Skills:
 + Level 10.3 Fighting
   Level 3.0 Long Blades
 - Level 1.7 Throwing
 + Level 9.7 Dodging
 * Level 12.3 Unarmed Combat


You had 11 spell levels left.
You didn't know any spells.
Your spell library contained the following spells:

 Spells                   Type           Power        Failure   Level  Hunger
 Animate Dead             Necr           N/A          100%        4    #####..
 Recall                   Summ/Tloc      N/A          100%        3    ####...
 Death Channel            Necr           #.........   100%        6    #######
 Deflect Missiles         Chrm/Air       #.........   100%        6    #######
 Silence                  Hex/Air        #.........   100%        5    ######.
 Simulacrum               Ice/Necr       #.........   100%        6    #######
 Conjure Ball Lightning   Conj/Air       #.........   100%        6    #######
 Tornado                  Air            #.........   100%        9    #######
 Summon Lightning Spire   Summ/Air       #.......     100%        4    #####..
 Borgnjor's Vile Clutch   Necr/Erth      #.........   100%        5    ######.


Dungeon Overview and Level Annotations

Branches:
Dungeon (12/15)            Temple (1/1) D:6            Lair (1/6) D:11
    Orc (0/2) D:10

Altars:
Ashenzari
Cheibriados
Dithmenos
Fedhas
Gozag
Hepliaklqana
Kikubaaqudgha
Makhleb
Nemelex Xobeh
Okawaru
Qazlal
Ru
Sif Muna
Trog
Uskayaw
Vehumet
Wu Jian
Xom
Yredelemnul
Zin
The Shining One

Shops:
D:4 *

Annotations:
D:7 3 runed doors, DarkwingDuck's ghost, novice HOFE


Innate Abilities, Weirdness & Mutations

You have claws for hands.
You have razor-sharp toenails.
A weak demonic guardian rushes to your aid.
You are significantly more attuned to the shadows.


Message History

The swamp worm bites you!!
Your unstable footing causes you to fumble your attack.
The swamp worm bites you! The swamp worm bites you!!
* * * LOW HITPOINT WARNING * * *
The swamp worm bites you but does no damage.
Your iron imp hits the plant.
You are too injured to fight recklessly!
You swap places.
The swamp worm throws harpoon shot at you.
The harpoon shot hits your iron imp.
Your iron imp dies!
Your quasit splashes around in the water.
Your quasit claws the swamp worm but does no damage. x2
Your quasit misses the swamp worm.
Your quasit claws the swamp worm but does no damage.
Your quasit splashes around in the water.
The swamp worm bites you!
* * * LOW HITPOINT WARNING * * *
You feel better. The swamp worm bites you!
You die...

#...# #...#P.......## ## #...#
#...#.......## #
#...####....#......#
#...P##..≈≈≈≈≈≈≈..P#
#...##.≈≈≈≈≈≈≈≈≈≈≈)###
#.....≈≈≈#######≈≈≈..#
###.....≈≈P#5≈≈≈≈##≈≈..#
##.......≈≈Pww≈≈≈≈ #≈≈..#
#...#####≈≈@#≈≈≈≈≈##≈≈..#
##..## #≈≈≈≈#######≈≈≈.##
##...#####≈≈≈≈≈≈≈≈≈≈≈.P#
##......P....≈≈≈≈≈≈≈...####
#...................#.....#
#.....................#.#.#
#...................#.###.###
##...................#........
#P............................


You could see 2 swamp worms and a friendly quasit.

Vanquished Creatures
  Gastronok (D:10)
  Harold (D:8)
  A hydra (Lair:1)
  A centaur warrior (D:8)
  2 two-headed ogres (D:9)
  An unseen horror (D:11)
  Pikel (D:7)
  An ugly thing (D:10)
  Joseph (D:8)
  A komodo dragon (Lair:1)
  3 trolls
  2 polar bears (IceCv)
  Grinder (D:5)
  6 hippogriffs
  A meliai zombie (D:12)
  2 wyverns
  3 hogs (D:11)
  9 yaks
  4 hungry ghosts
  A human (D:11)
  Edmund (D:4)
  A swamp worm (Lair:1)
  A water moccasin (D:10)
  A slave (D:7)
  A swamp drake (D:10)
  A sky beast (D:7)
  A black bear (D:8)
  3 ice beasts
  2 necrophages (D:9)
  2 wolves (IceCv)
  2 eyes of draining
  5 centaurs
  3 phantoms
  A crocodile (Lair:1)
  A big kobold (Sewer)
  8 bullfrogs
  2 scorpions
  3 wights
  4 howler monkeys
  3 crimson imps
  A bullfrog zombie (D:10)
  A quasit (D:10)
  A bullfrog skeleton (D:5)
  6 hounds
  5 orc priests
  3 iguanas
  4 jellies
  7 orc wizards
  A centaur skeleton (D:10)
  4 worker ants
  A hound zombie (D:7)
  A hound skeleton (D:7)
  4 gnolls (D:2)
  2 howler monkey skeletons
  17 adders
  2 river rats (Sewer)
  An ooze (Sewer)
  An adder zombie (D:6)
  A worm (Sewer)
  A dart slug (D:1)
  3 leopard geckos
  30 orcs
  5 ball pythons
  13 giant cockroaches
  6 goblins
  6 hobgoblins
  10 jackals
  17 kobolds
  5 quokkas
  7 bats
  3 frilled lizards
  A quokka zombie (D:9)
  8 rats
  A plant (Lair:1)
268 creatures vanquished.

Vanquished Creatures (collateral kills)
  A yak (Lair:1)
  An orc warrior (D:10)
  A slave (D:7)
  An ogre (D:7)
  A wolf (IceCv)
  A bullfrog (D:6)
  A killer bee (D:8)
  A jelly (D:5)
  An orc priest (D:6)
  2 orc wizards
  An adder (D:10)
  2 orcs
14 creatures vanquished.

Vanquished Creatures (others)
  An orc warrior (D:10)
  A slave (D:7)
  A bullfrog (D:7)
  2 killer bees (D:8)
  A plant (Lair:1)
6 creatures vanquished.

Grand Total: 288 creatures vanquished

Notes
Turn   | Place    | Note
-------+----------+-------------------------------------------
     0 | D:1      | prawnwizard the Demonspawn Gladiator began the quest for the Orb.
     0 | D:1      | Reached XP level 1. HP: 16/16 MP: 1/1
    63 | D:1      | Gained mutation: You have sharp toenails. [demonic ancestry]
    63 | D:1      | Reached XP level 2. HP: 18/22 MP: 2/2
   610 | D:2      | Reached XP level 3. HP: 14/28 MP: 3/3
   915 | D:2      | Gained mutation: You have sharp fingernails. [demonic ancestry]
   915 | D:2      | Reached XP level 4. HP: 14/35 MP: 4/4
  1981 | D:3      | Found a radiant altar of Vehumet.
  2004 | D:3      | Reached skill level 1 in Unarmed Combat
  2302 | D:3      | Gained mutation: You are slightly more attuned to the shadows. [demonic ancestry]
  2302 | D:3      | Reached XP level 5. HP: 21/41 MP: 5/5
  2639 | D:3      | Found an opulent altar of Gozag.
  2789 | D:3      | Noticed a centaur
  2808 | D:3      | Killed a centaur
  2808 | D:3      | Reached skill level 2 in Unarmed Combat
  3733 | D:4      | Gained mutation: A weak demonic guardian rushes to your aid. [demonic ancestry]
  3733 | D:4      | Reached XP level 6. HP: 6/48 MP: 6/6
  3913 | D:4      | Noticed Edmund
  4390 | D:4      | Found Vaas's General Store.
  4449 | D:4      | Reached skill level 3 in Unarmed Combat
  5271 | D:4      | HP: 2/48 [Edmund/dire flail of protection (9)]
  5866 | D:4      | Killed Edmund
  6065 | D:5      | Entered Level 5 of the Dungeon
  6195 | D:5      | Gained mutation: You have very sharp fingernails. [demonic ancestry]
  6195 | D:5      | Reached XP level 7. HP: 53/55 MP: 7/7
  6215 | D:5      | Found a glowing drain.
  6224 | Sewer    | Entered a sewer
  6402 | Sewer    | Reached skill level 4 in Unarmed Combat
  6884 | D:5      | Noticed a wyvern
  6928 | D:5      | Killed a wyvern
  6928 | D:5      | Reached skill level 5 in Dodging
  7208 | D:5      | Reached skill level 5 in Fighting
  7354 | D:5      | Reached skill level 5 in Unarmed Combat
  7412 | D:5      | You fall through a shaft!
  7539 | D:6      | Gained mutation: You have razor-sharp toenails. [demonic ancestry]
  7539 | D:6      | Reached XP level 8. HP: 61/62 MP: 8/8
  7786 | D:5      | Noticed Grinder
  7794 | D:5      | Killed Grinder
  8504 | D:6      | Reached skill level 6 in Unarmed Combat
  9033 | D:6      | Found a staircase to the Ecumenical Temple.
  9304 | Temple   | Entered the Ecumenical Temple
  9389 | Temple   | Became a worshipper of Makhleb the Destroyer
  9693 | D:7      | Noticed Pikel
  9697 | D:7      | Killed Pikel
  9697 | D:7      | Reached skill level 7 in Unarmed Combat
  9697 | D:7      | Gained mutation: You are significantly more attuned to the shadows. [demonic ancestry]
  9697 | D:7      | Reached XP level 9. HP: 70/70 MP: 9/9
  9853 | D:7      | Noticed a troll
  9862 | D:7      | Killed a troll
 10290 | D:7      | Found a snail-covered altar of Cheibriados.
 10290 | D:7      | Found a blossoming altar of Fedhas.
 10393 | D:7      | Found a glowing silver altar of Zin.
 10768 | D:7      | Found a runed gate.
 10768 | D:7      | Found a runed gate.
 10769 | D:7      | Found a runed gate.
 10777 | D:7      | Noticed a kobold demonologist
 10927 | D:7      | Found an iron altar of Okawaru.
 11025 | D:7      | Noticed DarkwingDuck's ghost (novice HOFE)
 11112 | D:8      | Noticed a centaur warrior
 11126 | D:8      | Killed a centaur warrior
 11126 | D:8      | Reached skill level 8 in Unarmed Combat
 11449 | D:8      | Reached * piety under Makhleb
 11496 | D:8      | Noticed Joseph
 11507 | D:8      | Killed Joseph
 11507 | D:8      | Reached XP level 10. HP: 54/79 MP: 10/10
 11607 | D:8      | Noticed a two-headed ogre
 11608 | D:8      | Noticed Harold
 11671 | D:8      | Reached skill level 9 in Unarmed Combat
 11754 | D:8      | Found a hide-covered altar of Uskayaw.
 11998 | D:8      | Killed Harold
 12014 | D:8      | HP: 4/80 [poisoned by a killer bee]
 12019 | D:8      | HP: 3/80 [poisoned by a killer bee]
 12024 | D:8      | HP: 4/80 [poisoned by a killer bee]
 12520 | D:9      | Noticed a two-headed ogre
 12524 | D:9      | Killed a two-headed ogre
 12613 | D:9      | Reached skill level 10 in Unarmed Combat
 12728 | D:9      | Found a deep blue altar of Sif Muna.
 13074 | D:9      | Noticed a two-headed ogre
 13079 | D:9      | Killed a two-headed ogre
 13526 | D:10     | Entered Level 10 of the Dungeon
 13540 | D:10     | Reached ** piety under Makhleb
 13548 | D:10     | Noticed a brown ugly thing
 13578 | D:10     | Killed a brown ugly thing
 13879 | D:10     | Found a staircase to the Orcish Mines.
 13918 | D:10     | Reached XP level 11. HP: 52/87 MP: 11/11
 14682 | D:10     | Reached *** piety under Makhleb
 15103 | D:10     | Noticed Gastronok
 15118 | D:10     | Killed Gastronok
 15118 | D:10     | Reached skill level 11 in Unarmed Combat
 15443 | D:11     | Noticed an unseen horror
 15473 | D:11     | Killed an unseen horror
 15704 | D:11     | Found a staircase to the Lair.
 16047 | D:12     | Noticed a five-headed hydra
 16205 | Lair:1   | Entered Level 1 of the Lair of Beasts
 16453 | Lair:1   | Reached skill level 10 in Fighting
 16509 | Lair:1   | Reached skill level 12 in Unarmed Combat
 16513 | Lair:1   | Reached **** piety under Makhleb
 16677 | Lair:1   | Found a frozen archway.
 16683 | Lair:1   | Noticed a four-headed hydra
 16705 | Lair:1   | Killed a four-headed hydra
 16785 | IceCv    | Entered an ice cave
 16924 | IceCv    | Gained mutation: You have claws for hands. [demonic ancestry]
 16924 | IceCv    | Reached XP level 12. HP: 81/97 MP: 12/12
 17560 | Lair:1   | HP: 1/97 [swamp worm (17)]
 17561 | Lair:1   | Mangled by a swamp worm

Vault maps used:
D:1:      lemuel_arrival_rhombus
D:2:      first_ration
D:3:      minmay_diamond_boxcup, fiery_altar_vehumet, old_standard_altar
D:4:      enter_ossuary_2, serial_shops, shop, uniq_edmund
D:5:      gup_sewer_entry_pipe, uniq_grinder
D:6:      minmay_temple_entry_hall
D:7:      zin_scriptorium, nicolae_overflow_hidden_temple,
          gammafunk_ghost_nasty_kobolds, uniq_pikel
D:8:      marbit_many_paths, kennysheep_mini_moat, uniq_joseph, uniq_harold
D:9:      overflow_temple_1_default
D:10:     erik_orc_1, uniq_gastronok
D:11:     lair_entry_dummy, grunt_livestock
D:12:     nicolae_trove_entry_crossroad, kennysheep_generic_room_3, uniq_azrael
Temple:   cyrus_circular_temple
Lair:1:   portal_ice_cave_entry_pillars_1, st_stairs_4, worms_lemuel
Sewer:    sewer_co_15_rooms
IceCv:    ice_cave_caverns_03

Skill      XL: |  1  2  3  4  5  6  7  8  9 10 11 |
---------------+----------------------------------+-----
Long Blades    | 3 |  3.0
Dodging        | 3 4 5 6 7 8 9 |  9.7
Fighting       | 3 4 5 6 7 8 10 | 10.3
Unarmed Combat | 1 2 3 5 7 8 10 12 | 12.3
Throwing       | |  1.7

Action                   |  1- 3 |  4- 6 |  7- 9 | 10-12 || total
-------------------------+-------+-------+-------+-------++-------
Melee: Long sword        |    82 |       |       |       ||    82
       Kick              |    17 |    87 |    98 |   139 ||   341
       Unarmed           |       |   291 |   344 |   398 ||  1033
       Punch             |       |     2 |     2 |    22 ||    26
Evoke: Wand              |       |     6 |     1 |    14 ||    21
  Use: Scroll            |       |       |    16 |     3 ||    19
       Potion            |       |       |       |     4 ||     4
 Stab: Sleeping          |       |     4 |       |       ||     4
       Distracted        |       |     3 |     3 |     2 ||     8
       Confused          |       |       |       |     1 ||     1
  Eat: Chunk             |       |    14 |     8 |    19 ||    41
       Ration            |       |     1 |     2 |     3 ||     6
Armor: Leather armour    |    27 |    37 |       |       ||    64
       Chain mail        |       |    58 |   154 |   175 ||   387
Dodge: Dodged            |    65 |   177 |   141 |   206 ||   589
       Rpst.: Long sword |    14 |       |       |       ||    14

Table legend:
 A = Spawn XP
 B = Non-spawn XP
 C = Spawn XP percentage of total XP
 D = Spawn monster count
 E = Non-spawn monster count
 F = Spawn count percentage of total count
 G = Total turns spent on level
                    A         B        C        D         E        F      G
               +---------+---------+-------+---------+---------+-------+---------
         Total |       0 |   23022 |   0.0 |       0 |     281 |   0.0 | 17561
               +---------+---------+-------+---------+---------+-------+---------
           D:1 |       0 |      29 |   0.0 |       0 |      19 |   0.0 |   819
           D:2 |       0 |     112 |   0.0 |       0 |      20 |   0.0 |  1158
           D:3 |       0 |     188 |   0.0 |       0 |      20 |   0.0 |  2114
           D:4 |       0 |     365 |   0.0 |       0 |      17 |   0.0 |  2381
           D:5 |       0 |     735 |   0.0 |       0 |      18 |   0.0 |   996
           D:6 |       0 |     536 |   0.0 |       0 |      29 |   0.0 |  1575
           D:7 |       0 |    1537 |   0.0 |       0 |      20 |   0.0 |  1423
           D:8 |       0 |    3493 |   0.0 |       0 |      22 |   0.0 |  1012
           D:9 |       0 |    2907 |   0.0 |       0 |      19 |   0.0 |  1746
          D:10 |       0 |    5070 |   0.0 |       0 |      36 |   0.0 |  1481
          D:11 |       0 |    2509 |   0.0 |       0 |      12 |   0.0 |   719
          D:12 |       0 |    1018 |   0.0 |       0 |       9 |   0.0 |   164
        Lair:1 |       0 |    3188 |   0.0 |       0 |      13 |   0.0 |  1014
         Sewer |       0 |     204 |   0.0 |       0 |      21 |   0.0 |   516
         IceCv |       0 |    1131 |   0.0 |       0 |       6 |   0.0 |   342
               +---------+---------+-------+---------+---------+-------+---------
